 Dungeon Crawl Stone Soup version 0.20.0-8-g6b59dc7 (webtiles) character file.

200 trtt13 the Caller (level 5, -2/39 HPs)
             Began as a Demigod Summoner on May 29, 2017.
             Slain by an ogre
             ... wielding a +0 giant club
              (16 damage)
             ... on level 4 of the Dungeon.
             The game lasted 00:21:21 (2751 turns).

trtt13 the Caller (Demigod Summoner)                Turns: 2751, Time: 00:21:22

Health: -2/39      AC:  5    Str: 11    XL:     5   Next: 24%
Magic:  6/12       EV: 12    Int: 19    God:
Gold:   154        SH:  0    Dex: 18    Spells: 4/10 levels left

rFire    . . .     SeeInvis .   t - +1 dagger (freeze)
rCold    . . .     Gourm    .   (no shield)
rNeg     . . .     Faith    .   n - +0 leather armour
rPois    .         Spirit   .   m - +0 helmet
rElec    .         Reflect  .   (no cloak)
rCorr    .         Harm     .   C - +0 pair of gloves
MR       .....                  (no boots)
Stlth    ++........             (no amulet)
Regen    0.2/turn               (no ring)
MPRegen  0.2/turn               (no ring)

@: no status effects
A: high mp 1
a: no special abilities


You were on level 4 of the Dungeon.
You were hungry.

You visited 1 branch of the dungeon, and saw 4 of its levels.

You collected 154 gold pieces.

Inventory:

Hand Weapons
 t - a +1 dagger of freezing (weapon)
 x - a +2 dagger of speed
Missiles
 f - 35 stones (quivered)
 s - 34 arrows
Armour
 a - a +0 robe
 k - a +0 pair of gloves
 m - a +0 helmet (worn)
 n - a +0 leather armour (worn)
 C - a +0 pair of gloves (worn)
Scrolls
 e - 4 scrolls of identify {unknown}
 h - a scroll of magic mapping {unknown}
 i - a scroll of teleportation {unknown}
 j - a scroll of enchant armour {unknown}
 o - a scroll of random uselessness {unknown}
 p - 2 scrolls of blinking {unknown}
 v - a scroll of amnesia {unknown}
 y - 3 scrolls of remove curse {unknown}
Potions
 d - 3 potions of curing
 l - 3 potions of haste {unknown}
 q - 2 potions of flight {unknown}
 r - 2 potions of mutation {unknown}
 u - a potion of cancellation {unknown}
 w - a potion of degeneration {unknown}
Books
 b - a book of Callings

   Spells                             Type                      Level
   a - Summon Small Mammal            Summoning                    1
   b - Call Imp                       Summoning                    2
   c - Call Canine Familiar           Summoning                    3
   d - Summon Guardian Golem          Hexes/Summoning              3
   e - Summon Lightning Spire         Summoning/Air                4
   f - Summon Ice Beast               Ice/Summoning                4
 z - a book of Minor Magic

   Spells                             Type                      Level
   a - Magic Dart                     Conjuration                  1
   b - Blink                          Translocation                2
   c - Call Imp                       Summoning                    2
   d - Slow                           Hexes                        2
   e - Conjure Flame                  Conjuration/Fire             3
   f - Mephitic Cloud                 Conjuration/Poison/Air       3
Comestibles
 c - 6 bread rations
 A - 2 royal jellies
 B - 2 meat rations


   Skills:
 + Level 0.3 Fighting
 + Level 1.0 Short Blades
 + Level 1.0 Armour
 + Level 2.1 Dodging
 + Level 2.3 Stealth
 + Level 3.1 Spellcasting
 + Level 4.6 Summonings


You had 4 spell levels left.
You knew the following spells:

 Your Spells              Type           Power        Failure   Level  Hunger
a - Summon Small Mammal   Summ           ###.         3%          1    None
b - Call Imp              Summ           ###.....     4%          2    ##.....
c - Summon Guardian Gole  Hex/Summ       ##......     22%         3    ###....


Dungeon Overview and Level Annotations

Branches:
Dungeon (4/15)
 Temple: D:4-7


Innate Abilities, Weirdness & Mutations

You have an increased reservoir of magic. (+10% MP)


Message History

A beastly little devil appears in a puff of flame.
An orc comes into view. It is wielding a short sword.
Casting: Call Imp
Confirm with . or Enter, or press ? or * to list all spells.
A beastly little devil appears in a puff of flame.
The ogre barely misses you.
You hit the ogre. You freeze the ogre.
The ogre is lightly wounded.
The ogre closely misses you.
Your crimson imp blinks!
You hit the ogre but do no damage.
The ogre is lightly wounded.
The ogre hits you with a giant club!
You hit the ogre. You freeze the ogre.
The ogre is lightly wounded.
Your crimson imp hits the ogre.
You hit the ogre but do no damage.
The ogre is moderately wounded.
The ogre hits you with a giant club!
You die...

# #. #.###### ##....$.#
########### ........#
#.......<.### ........#
#............
##....O8####.######.###.
.....o5@................
....o...####............
......ยง.# #.###.######.
.......5# #.# #.# ####.
.!....... #.###.###....
(...#.... #.........##.
....#.... #####.######.
$.. #..... #.# #. #+# ##


You could see an ogre, 2 orcs, a friendly guardian golem and 2 friendly crimson
imps.

Vanquished Creatures
  A worker ant (D:4)
  An adder (D:3)
  A worm (D:3)
  A dart slug (D:2)
  3 bats
  5 goblins
  3 hobgoblins
  3 jackals (D:2)
  2 quokkas
  2 frilled lizards (D:3)
  6 kobolds
  3 rats
31 creatures vanquished.

Vanquished Creatures (collateral kills)
  Grinder (D:3)
  2 adders
  A worm (D:2)
  A dart slug (D:2)
  2 leopard geckos (D:1)
  2 orcs (D:3)
  2 giant cockroaches
  7 goblins
  5 hobgoblins
  A jackal (D:2)
  3 kobolds
  2 ball pythons
  3 bats
  A frilled lizard (D:2)
  A rat (D:1)
34 creatures vanquished.

Grand Total: 65 creatures vanquished

Notes
Turn   | Place    | Note
-------+----------+-------------------------------------------
     0 | D:1      | trtt13 the Demigod Summoner began the quest for the Orb.
     0 | D:1      | Reached XP level 1. HP: 14/14 MP: 5/5
   413 | D:1      | Reached XP level 2. HP: 19/20 MP: 2/7
   474 | D:1      | Reached skill level 4 in Summonings
   896 | D:2      | Learned a level 2 spell: Call Imp
   918 | D:2      | Found a radiant altar of Vehumet.
  1189 | D:2      | Reached XP level 3. HP: 26/26 MP: 3/8
  1807 | D:3      | Found a glowing golden altar of the Shining One.
  1824 | D:3      | Reached skill level 1 in Armour
  2048 | D:3      | Noticed Grinder
  2053 | D:3      | Learned a level 3 spell: Summon Guardian Golem
  2062 | D:3      | Paralysed by Grinder for 2 turns
  2120 | D:3      | Killed Grinder
  2120 | D:3      | Reached skill level 1 in Short Blades
  2120 | D:3      | Reached XP level 4. HP: 23/34 MP: 0/11
  2120 | D:3      | Reached XP level 5. HP: 26/39 MP: 0/12
  2742 | D:4      | Noticed an ogre
  2751 | D:4      | Slain by an ogre

Skill      XL: |  1  2  3 |
---------------+----------+-----
Summonings     | 4 |  4.6
Spellcasting   | 2 3 |  3.1
Dodging        | 2 |  2.1
Stealth        | 2 |  2.3
Armour         | 1 |  1.0
Short Blades   | 1 |  1.0
Fighting       | |  0.3

Action                   |  1- 3 |  4- 6 || total
-------------------------+-------+-------++-------
Melee: Dagger            |    85 |    26 ||   111
       Unarmed           |     4 |       ||     4
 Cast: Summon Small Mamm |    31 |       ||    31
       Call Imp          |    31 |    13 ||    44
       Summon Guardian G |       |     2 ||     2
  Use: Potion            |       |     2 ||     2
 Stab: Distracted        |     2 |       ||     2
       Sleeping          |     1 |       ||     1
  Eat: Chunk             |     5 |     3 ||     8
Armor: Robe              |     6 |       ||     6
       Leather armour    |    28 |     7 ||    35
Dodge: Dodged            |    78 |    21 ||    99
